 Dungeon Sprint DCSS version 0.18-a0-1180-g64ccc1e (webtiles) character file.

2600000 namelastname112 the Formicid Barricade (level 21, -4/204 HPs)
             Began as a Formicid Fighter on Jan 27, 2016.
             Was an Initiate of Makhleb.
             Slain by a meat berserker
             ... wielding a +9 battleaxe
              (38 damage)
             ... in the Dungeon (Sprint VIII: "Arena of Blood").
             The game lasted 00:00:55 (26 turns).

namelastname112 the Formicid Barricade (FoFi)         Turns: 26, Time: 00:00:55

Health: -4/204     AC: 13    Str: 21    XL:     21   Next: 45%
Magic:  20/46      EV: 24    Int: 11    God:    Makhleb [......]
Gold:   0          SH: 19    Dex: 17    Spells: 0 memorised, 62 levels left

rFire  . . .     SeeInvis +     k - +∞ Axe of Woe
rCold  . . .     Gourm    .     a - +0 scale mail
rNeg   . . .     Faith    .     b - +0 shield
rPois  .         Spirit   .     (helmet unavailable)
rElec  .         Dismiss  .     (no cloak)
rCorr  .         Reflect  .     (no gloves)
SustAt .         Harm     .     (no boots)
MR     ++...                    (no amulet)
Stlth  ++++++++..               (no ring)
                                (no ring)

@: very resistant to hostile enchantments, extraordinarily stealthy
A: permanent stasis, dig shafts and tunnels, four strong arms, antennae 3
a: Dig, Renounce Religion


You were in the Dungeon.
You worshipped Makhleb.
Makhleb was noncommittal.
You were not hungry.

You visited 1 branch

Inventory:

Hand Weapons
 k - the +∞ Axe of Woe (weapon)
   (You found it in the Dungeon)
Armour
 a - a +0 scale mail (worn)
 b - a +0 shield (worn)
Scrolls
 j - a scroll of blinking
Potions
 c - a potion of might
 e - a potion of curing
 f - a potion of heal wounds
 g - a potion of haste
 h - 2 potions of magic
 i - a potion of berserk rage
Comestibles
 d - a bread ration


   Skills:
 O Level 27 Fighting
 O Level 27 Axes
 + Level 21.0 Throwing
 O Level 27 Armour
 + Level 19.6 Dodging
 + Level 25.9 Stealth
 O Level 27 Shields
 + Level 21.1 Unarmed Combat
 + Level 21.0 Spellcasting


You had 62 spell levels left.
You didn't know any spells.

Dungeon Overview and Level Annotations

Branches:
Dungeon (1/1)

Altars:
Makhleb


Innate Abilities, Weirdness & Mutations

You are under a permanent stasis effect.
You can dig through walls and to a lower floor.
Your four strong arms can wield two-handed weapons with a shield.
You have a pair of large antennae on your head (SInv).


Message History

The bag of meat shouts!
You dice the meat berserker like an onion!!!
You dissect the meat berserker like a pig carcass.
You kill the meat berserker!
Your Throwing skill gained 2 levels and is now at level 21!
Your Dodging skill increases to level 19!
Your Stealth skill increases to level 25!
Your Unarmed Combat skill gained 2 levels and is now at level 21!
Your Spellcasting skill gained 2 levels and is now at level 21!
You hear a shout! x8
A large bag of meat comes into view. It is wielding a +9 giant spiked club.
Unknown command.
Unknown command.
You kneel at the altar of Makhleb.
Makhleb welcomes you!
You hear a shout! x4
The destroyer blinks!
You hear a shout! x2
The meat berserker hits you with a +9 battleaxe!!!
You die...

{#.. .#{{ #..
..#{{ ....###...
..###.
o.......O###......
.#......§._..... .
.......#.....# ..
....o..#_V<._# ...
......o#.o...#....
.#.......O@..o....
.......oO###...oC.
....###).){o..###.
. . #.){){..#
#..{{...#
........O....
................
...............#
.............##.


You could see a destroyer, a large bag of meat (inner flame), 3 meat berserkers
and 5 bags of meat.

Vanquished Creatures
  4 ogres (D)
  16 orcs (D)
20 creatures vanquished.

Notes
Turn   | Place    | Note
--------------------------------------------------------------
     0 | D        | namelastname112 the Formicid Fighter began the quest for the Orb.
     0 | D        | Reached XP level 1. HP: 18/18 MP: 1/1
     5 | D        | Noticed a meat berserker
     8 | D        | Noticed a meat berserker
     8 | D        | Noticed a bag of meat
     9 | D        | Killed a meat berserker
     9 | D        | Reached skill level 18 in Fighting
     9 | D        | Reached skill level 19 in Shields
     9 | D        | Reached XP level 2. HP: 21/48 MP: 2/2
     9 | D        | Reached XP level 3. HP: 23/54 MP: 3/3
     9 | D        | Reached XP level 4. HP: 26/62 MP: 4/4
     9 | D        | Reached XP level 5. HP: 28/68 MP: 5/5
     9 | D        | Reached XP level 6. HP: 30/75 MP: 6/6
     9 | D        | Reached XP level 7. HP: 32/82 MP: 7/7
     9 | D        | Reached XP level 8. HP: 34/89 MP: 8/8
     9 | D        | Reached XP level 9. HP: 36/95 MP: 9/9
     9 | D        | Reached XP level 10. HP: 39/103 MP: 10/10
     9 | D        | Reached XP level 11. HP: 41/109 MP: 11/11
     9 | D        | Reached XP level 12. HP: 43/116 MP: 12/12
     9 | D        | Reached XP level 13. HP: 45/122 MP: 13/13
    10 | D        | Noticed a bag of meat
    10 | D        | Noticed a bag of meat
    10 | D        | Noticed a bag of meat
    10 | D        | Noticed a bag of meat
    10 | D        | Noticed a bag of meat
    10 | D        | Noticed a bag of meat
    10 | D        | Noticed a bag of meat
    10 | D        | Noticed a bag of meat
    11 | D        | Noticed a bag of meat
    11 | D        | Noticed a bag of meat
    11 | D        | Killed a bag of meat
    11 | D        | Reached skill level 21 in Shields
    11 | D        | Reached XP level 14. HP: 48/134 MP: 14/14
    11 | D        | Killed a meat berserker
    11 | D        | Reached skill level 23 in Shields
    11 | D        | Reached XP level 15. HP: 50/146 MP: 15/15
    13 | D        | Noticed a large bag of meat
    13 | D        | Reached skill level 24 in Shields
    13 | D        | Reached XP level 16. HP: 53/156 MP: 16/16
    13 | D        | Reached skill level 25 in Shields
    14 | D        | Noticed a meat berserker
    15 | D        | Reached skill level 26 in Shields
    15 | D        | Reached skill level 27 in Shields
    15 | D        | Reached XP level 17. HP: 55/169 MP: 17/17
    16 | D        | Reached skill level 27 in Fighting
    16 | D        | Reached skill level 27 in Armour
    16 | D        | Reached XP level 18. HP: 58/182 MP: 18/18
    16 | D        | Reached skill level 27 in Axes
    16 | D        | Reached skill level 5 in Stealth
    17 | D        | Noticed a meat berserker
    17 | D        | Noticed a meat berserker
    17 | D        | Reached skill level 10 in Stealth
    18 | D        | Reached skill level 10 in Throwing
    18 | D        | Reached skill level 10 in Unarmed Combat
    18 | D        | Reached skill level 10 in Spellcasting
    18 | D        | Reached skill level 15 in Stealth
    18 | D        | Reached XP level 19. HP: 60/189 MP: 18/35
    19 | D        | Reached skill level 15 in Unarmed Combat
    19 | D        | Reached skill level 15 in Throwing
    19 | D        | Reached skill level 15 in Spellcasting
    19 | D        | Reached XP level 20. HP: 63/197 MP: 18/39
    20 | D        | Noticed a meat berserker
    20 | D        | Killed a meat berserker
    20 | D        | Reached XP level 21. HP: 65/204 MP: 18/44
    21 | D        | Noticed a meat berserker
    23 | D        | Noticed a destroyer
    25 | D        | Killed a meat berserker
    26 | D        | Noticed a large bag of meat
    26 | D        | Became a worshipper of Makhleb the Destroyer
    26 | D        | Slain by a meat berserker

Vault maps used:
D:        meatsprint

Action                   |  1- 3 |  4- 6 |  7- 9 | 10-12 | 13-15 | 16-18 | 19-21 || total
-------------------------+-------+-------+-------+-------+-------+-------+-------++-------
Melee: Executioner's axe |     1 |       |       |       |     2 |     4 |     3 ||    10
